 Dungeon Crawl Stone Soup version 0.31-a0-844-gdc52ec4e09 (webtiles) character file.

Game seed: 4407270305231571181

1213 Maratek the Cleaver (level 8, -1/71 HPs)
             Began as a Hill Orc Fighter on Sept 28, 2023.
             Slain by a vampire (2 damage)
             ... on level 6 of the Dungeon.
             The game lasted 00:08:24 (4787 turns).

Maratek the Cleaver (Hill Orc Fighter)              Turns: 4787, Time: 00:08:24

Health: -1/71      AC: 14    Str: 27    XL:     8   Next: 46%
Magic:  8/8        EV: 10    Int:  8    God:
Gold:   270        SH:  4    Dex:  8    Spells: 7/7 levels left

rFire   . . .        a - +0 war axe
rCold   + . .        c - +0 buckler
rNeg    . . .        b - +1 scale mail
rPois   .            (no helmet)
rElec   .            (no cloak)
rCorr   .            (no gloves)
SInv    .            (no boots)
Will    .....        (no amulet)
Stlth   +            q - +6 ring of strength
HPRegen 0.31/turn    h - +4 ring of protection
MPRegen 0.11/turn

%: no passive effects
@: no status effects
A: iridescent scales 1, camouflage 1, clumsy 1, cold resistance 1
a: no special abilities


You were on level 6 of the Dungeon.
You visited 1 branch of the dungeon, and saw 6 of its levels.

You collected 270 gold pieces.

Inventory:

Hand Weapons
 a - a +0 war axe (weapon)
Armour
 b - a +1 scale mail (worn)
 c - a +0 buckler (worn)
Jewellery
 h - a +4 ring of protection (right hand)
 q - a +6 ring of strength (left hand)
Wands
 f - a wand of iceblast (12)
 j - a wand of flame (2)
 l - a wand of paralysis (13)
Scrolls
 e - 4 scrolls of teleportation
 g - a scroll of enchant armour
 i - 4 scrolls of amnesia
 m - a scroll of identify
Potions
 d - 3 potions of might
 k - 2 potions of lignification
 n - 2 potions of brilliance
 p - 2 potions of attraction


   Skills:
 + Level 6.4 Fighting
 + Level 8.6 Axes
 + Level 5.7 Armour
 + Level 1.9 Dodging
 + Level 0.7 Stealth
 + Level 4.8 Shields


You had 7 spell levels left.
You didn't know any spells.
Your spell library contained the following spells:

 Spells                   Type           Power      Damage    Failure   Level
 Summon Small Mammal      Summ           0%         N/A       71%         1
 Ensorcelled Hibernation  Hex/Ice        0%         N/A       85%         2
 Passwall                 Tmut/Erth      0%         N/A       85%         2
 Call Canine Familiar     Summ           0%         N/A       97%         3
 Summon Guardian Golem    Hex/Summ       0%         N/A       97%         3
 Swiftness                Air            0%         N/A       97%         3
 Chain Lightning          Conj/Air       0%         N/A       100%        9
 Fire Storm               Conj/Fire      0%         5d1       100%        9
 Shatter                  Erth           0%         3d5*      100%        9


Dungeon Overview and Level Annotations

Branches:
Dungeon (6/15)
 Temple: D:4-7

Altars:
Nemelex Xobeh
Okawaru
Trog

Shops:
D:3 =

Annotations:
D:5 1 runed translucent door, Crazy Yiuf


Innate Abilities, Weirdness & Mutations

You are partially covered in iridescent scales. (AC +2)
Your skin changes colour to match your surroundings (Stealth+).
You are clumsy. (Dex -2)
Your flesh is cold resistant. (rC+)


Message History

Unknown command.
No target in view!
You hit something.
Reactivating autopickup.
You feel a bit more experienced.
You completely miss something. Something hits you but does no damage.
Deactivating autopickup; reactivate with Ctrl-A.
Something bites you but does no damage. Something hits you!
Something bites you but does no damage.
Things that are here:
a +0 dagger; a +0 robe You barely miss something.
Something hits you! Something bites you but does no damage.
You slash something! Something hits you but does no damage.
Something bites you but does no damage.
You hit something but do no damage. Something hits you!
Something bites you but does no damage.
You hit something but do no damage. You block something's attack.
Something bites you but does no damage.
You hit something. Something hits you. Something bites you.
Something draws strength from your injuries!
You hit something. Something hits you but does no damage.
Something bites you but does no damage.
You barely miss something. Something hits you! Something bites you.
Something draws strength from your injuries!
You hit something. Something hits you!
* * * LOW HITPOINT WARNING * * *
Something bites you but does no damage. Something hits you but does no damage.
Something bites you!
* * * LOW HITPOINT WARNING * * *
Something draws strength from your injuries!
You barely miss something. Something hits you but does no damage.
Something bites you.
* * * LOW HITPOINT WARNING * * *
Something draws strength from your injuries!
You slash something! You block something's attack. Something bites you.
* * * LOW HITPOINT WARNING * * *
Something draws strength from your injuries!
You closely miss something. Something hits you.
You die...

#.# ### #.# #.. #.# #.#
#.# .. #.# #.#######
.#.######.######.##.....
..>..............##.###.
....?..{..#.........# #.
#####@..#.###.....# #.
#)#.#.# #.....# #.
#.#.#.# #.....# ##
#.#.#.# #.....# #.#.#.#
#.....# #.#.#.# #.......
#.#.#.# #....... #+#+#.#
#........ #........


There were no monsters in sight!

Vanquished Creatures
  Edmund (D:5)
  A water moccasin (D:5)
  An ice beast (D:5)
  A black bear (D:4)
  2 phantoms (D:4)
  A bullfrog (D:6)
  2 scorpions
  2 jellies
  5 hounds
  A sleepcap (D:4)
  An iguana (D:5)
  2 orc wizards
  5 adders
  A shadow imp (D:5)
  4 worms
  A dart slug (D:1)
  10 orcs
  8 endoplasms
  A giant cockroach (D:2)
  12 goblins
  7 hobgoblins
  13 jackals
  8 kobolds
  2 quokkas
  5 ball pythons
  5 bats
  2 frilled lizards (D:2)
  6 rats
110 creatures vanquished.

Notes
Turn   | Place    | Note
-------+----------+-------------------------------------------
     0 | D:1      | Maratek the Hill Orc Fighter began the quest for the Orb.
     0 | D:1      | Reached XP level 1. HP: 19/19 MP: 1/1
    80 | D:1      | Reached XP level 2. HP: 27/27 MP: 2/2
   738 | D:1      | Reached skill level 3 in Axes
   853 | D:2      | Reached XP level 3. HP: 32/33 MP: 3/3
   999 | D:2      | Reached skill level 4 in Axes
  1031 | D:2      | Reached XP level 4. HP: 40/40 MP: 4/4
  1427 | D:3      | Found a bloodstained altar of Trog.
  1788 | D:3      | Found Erubi's Jewellery Boutique.
  1803 | D:3      | Gained mutation: You are clumsy. (Dex -2) [potion of
                  | mutation]
  1803 | D:3      | Gained mutation: Your skin changes colour to match your
                  | surroundings (Stealth+). [potion of mutation]
  1803 | D:3      | Gained mutation: You are partially covered in iridescent
                  | scales. (AC +2) [potion of mutation]
  1803 | D:3      | Gained mutation: Your flesh is cold resistant. (rC+)
                  | [potion of mutation]
  1938 | D:3      | Reached skill level 5 in Axes
  1943 | D:3      | Reached XP level 5. HP: 44/46 MP: 5/5
  2633 | D:4      | Found an iron altar of Okawaru.
  2633 | D:4      | Noticed a black bear
  2639 | D:4      | Killed a black bear
  2640 | D:4      | Reached skill level 6 in Axes
  2640 | D:4      | Reached XP level 6. HP: 43/53 MP: 6/6
  3042 | D:4      | Reached skill level 1 in Dodging
  3179 | D:4      | Reached XP level 7. HP: 50/60 MP: 7/7
  3310 | D:4      | Found a sparkling altar of Nemelex Xobeh.
  3339 | D:4      | Identified the +0 scale mail of Cuquth {Regen+}
  3478 | D:4      | Reached skill level 7 in Axes
  3965 | D:5      | Entered Level 5 of the Dungeon
  4001 | D:5      | Reached skill level 5 in Fighting
  4001 | D:5      | Reached skill level 5 in Armour
  4075 | D:5      | Noticed Edmund
  4093 | D:5      | Killed Edmund
  4094 | D:5      | Reached skill level 8 in Axes
  4246 | D:5      | Reached XP level 8. HP: 48/70 MP: 8/8
  4607 | D:5      | Found a runed translucent door.
  4608 | D:5      | Noticed Crazy Yiuf
  4765 | D:6      | Noticed a vampire
  4784 | D:6      | HP: 2/71 [something (9)]
  4787 | D:6      | Slain by a vampire

Illustrated notes

Levels and vault maps discovered:
D:1:      denvon_arrival_planthouse, layout_basic
D:2:      layout_rooms
D:3:      layout_loops_ring, trog_three_pillars_becter, serial_shops, shop,
          feat_on_display
D:4:      kennysheep_goblin_castle, layout_basic, mainiacjoe_overflow_catwalk,
          okawaru_trees_1, chequers_serial_rivers_marsh
D:5:      layout_rooms, uniq_edmund, uniq_crazy_yiuf_cottage
D:6:      layout_basic, minmay_temple_entry_grid,
          nicolae_shop_sticking_my_neck_out

Skill      XL: |  1  2  3  4  5  6  7 |
---------------+----------------------+-----
Axes           | 3 4 5 6 8 |  8.6
Fighting       | 4 6 |  6.4
Shields        | 4 |  4.8
Armour         | 4 5 |  5.7
Dodging        | 1 |  1.9
Stealth        | |  0.7

Action                     |  1- 3 |  4- 6 |  7- 9 || total
---------------------------+-------+-------+-------++-------
  Melee: War axe           |    82 |   142 |   190 ||   414
    Use: Potion            |       |     7 |     1 ||     8
         Scroll            |       |     4 |     4 ||     8
 Armour: Scale mail        |    76 |   113 |   170 ||   359
  Dodge: Dodged            |    38 |    38 |    84 ||   160
  Block: Buckler           |    29 |    28 |    47 ||   104

Table legend: (Time is in decaauts)
 A = Elapsed time spent in this place.
 B = Non-inter-level travel time spent in this place.
 C = Inter-level travel time spent in this place.
 D = Time resting spent in this place.
 E = Time spent auto-exploring this place.
 F = Levels seen in this place.
 G = Mean time per level.
                   A        B        C        D        E       F      G
               +--------+--------+--------+--------+--------+-----+--------+
         Total |   4849 |   4715 |    134 |    585 |   3209 |   6 |  808.2 |
       Dungeon |   4849 |   4715 |    134 |    585 |   3209 |   6 |  808.2 |
               +--------+--------+--------+--------+--------+-----+--------+

Top non-repeatable levels by time:
     D:4: 1768 daAuts
     D:3: 833 daAuts
     D:1: 819 daAuts
     D:5: 682 daAuts
     D:2: 610 daAuts
     D:6: 135 daAuts
